 Dungeon Crawl Stone Soup version 0.17-a0-1382-gc46a074 (webtiles) character file.

13 ololoev the Caller (level 2, 0/19 HPs)
             Began as a Mummy Summoner on June 15, 2015.
             Slain by a giant gecko (5 damage)
             ... on level 1 of the Dungeon.
             The game lasted 00:03:14 (1188 turns).

ololoev the Caller (Mummy Summoner)                 Turns: 1188, Time: 00:03:14

Health: 0/19       AC:  4    Str: 11    XL:     2   Next: 24%
Magic:  3/5        EV: 12    Int: 14    God:
Gold:   14         SH:  0    Dex: 12    Spells: 2 memorised, 2 levels left

rFire  x . .     SeeInvis .     e - +0 dagger
rCold  + . .     Clarity  .     a - +0 robe
rNeg   + + +     SustAt   .     (no shield)
rPois  ∞         Gourm    .     (no helmet)
rElec  .         Spirit   .     (no cloak)
rCorr  .         Warding  .     (no gloves)
rMut   .         Stasis   .     c - +1 pair of boots
MR     .....                    (no amulet)
Stlth  ++........               (no ring)
                                (no ring)

@: not resistant to hostile enchantments, unstealthy
A: no food or potions, fire vulnerability, cold resistance 1, negative energy
resistance 3, torment resistance, unbreathing
a: no special abilities


Innate Abilities, Weirdness & Mutations

You do not eat or drink.
Your flesh is vulnerable to fire.
You are immune to poison.
Your flesh is cold resistant.
You are immune to negative energy.
You are immune to unholy pain and torment.
You can survive without breathing.

Inventory:

Hand weapons
 e - a +0 dagger (weapon)
Armour
 a - a +0 robe (worn)
 c - a +1 pair of boots (worn)
Scrolls
 d - a scroll of enchant armour {unknown}
 f - a scroll of identify {unknown}
 g - a scroll of teleportation {unknown}
Books
 b - a book of Callings

   Spells                             Type                      Level
   a - Summon Small Mammal            Summoning                    1
   b - Call Imp                       Summoning                    2
   c - Call Canine Familiar           Summoning                    3
   d - Summon Guardian Golem          Hexes/Summoning              3
   e - Summon Lightning Spire         Summoning/Air                4
   f - Summon Ice Beast               Ice/Summoning                4


   Skills:
 - Level 1.5 Dodging
 - Level 1.5 Stealth
 - Level 2.0 Spellcasting
 + Level 3.8 Summonings


You had 2 spell levels left.
You knew the following spells:

 Your Spells              Type           Power        Failure   Level  Hunger
a - Summon Small Mammal   Summ           ##..         6%          1    N/A
b - Call Imp              Summ           ##......     10%         2    N/A


You were on level 1 of the Dungeon.
You were not hungry.

You visited 1 branch of the dungeon, and saw 1 of its levels.

You collected 14 gold pieces.

#.........###.#...# ##...
#...###)............ #...
#...# ###......##... ##..
#...#####......# ... ##.
#..............# .##
#..............# ..#
#..............# ##.#
#.....####...### .# ...
#........@..)# .# . #..
#...#....l...####.#... #..
#...#....5........#...##..
#...#.....................
#####............##...###.
#............#....# #.
.#...##......#....###(
..#...#......##........
.......#......####......

Notes
Turn   | Place    | Note
--------------------------------------------------------------
     0 | D:1      | ololoev the Mummy Summoner began the quest for the Orb.
     0 | D:1      | Reached XP level 1. HP: 13/13 MP: 3/3
   943 | D:1      | Reached XP level 2. HP: 19/19 MP: 5/5
   952 | D:1      | Learned a level 2 spell: Call Imp
  1188 | D:1      | Slain by a giant gecko

Dungeon Overview and Level Annotations

Branches:
Dungeon (1/15)

Altars:


Message History

The giant gecko is moderately wounded.
The giant gecko misses you.
You hit the giant gecko but do no damage.
The giant gecko is moderately wounded.
The giant gecko completely misses you.
You hit the giant gecko but do no damage.
The giant gecko is moderately wounded.
The giant gecko misses you.
You closely miss the giant gecko.
The giant gecko is moderately wounded.
The giant gecko bites you but does no damage.
You hit the giant gecko.
The giant gecko is severely wounded.
The giant gecko bites you. x2
You are too injured to fight recklessly!
You are too injured to fight recklessly!
You are too injured to fight recklessly!
You are too injured to fight recklessly!
You are too injured to fight recklessly!
You are too injured to fight recklessly!
You are too injured to fight recklessly!
You are too injured to fight recklessly!
You are too injured to fight recklessly!
You are too injured to fight recklessly!
You are too injured to fight recklessly!
You are too injured to fight recklessly!
You are too injured to fight recklessly!
You are too injured to fight recklessly!
You are too injured to fight recklessly!
You are too injured to fight recklessly!
You are too injured to fight recklessly!
You are too injured to fight recklessly!
You are too injured to fight recklessly!
Casting: Summon Small Mammal
Confirm with . or Enter, or press ? or * to list all spells.
A beastly little devil appears in a puff of frigid air.
The giant gecko bites you but does no damage.
Your white imp misses the giant gecko.
The giant gecko bites you.
You die...

You could see a giant gecko and a friendly white imp.

Vanquished Creatures
  2 bats (D:1)
  2 goblins (D:1)
  2 giant newts (D:1)
6 creatures vanquished.

Vanquished Creatures (collateral kills)
  A giant gecko (D:1)
  A giant cockroach (D:1)
  2 hobgoblins (D:1)
  2 kobolds (D:1)
  A rat (D:1)
7 creatures vanquished.

Grand Total: 13 creatures vanquished

Action                   || total
-------------------------++-------
Melee: Unarmed           ||    40
       Dagger            ||    34
 Cast: Summon Small Mamm ||    14
       Call Imp          ||     1
 Stab: Sleeping          ||     2

Vault maps used:
D:1:      dpeg_arrival_circle_labyrinth_a
